Cogmind - Beta 11.1 @@@ ROGUE MODE // 2022.04.28 @ 23:13:41 Player: SNACKS Result: Destroyed by as-38227 with Assembled Rifle Performance ------------- Evolutions (0) 0 Regions Visited (4) 800 Robots Destroyed (5) 25 Value Destroyed (129) 129 Prototype IDs (25) 500 Alien Tech Used (0) 0 Bonus (300) 300 TOTAL SCORE: 1754 Bonus ------- Aligned with FarCom 300 Cogmind --------- Core Integrity 0/250 Matter 300/300 Energy 100/100 System Corruption 0% Temperature Cool (0) Movement Core (50) Location -9/Mines Parts ------- > --- POWER (1) -------- (None) > --- PROPULSION (2) --- (None) > --- UTILITY (2) ------ (None) > --- WEAPON (2) ------- (None) > --- INVENTORY (5) ---- Ion Engine Aluminum Leg Heat Sink Small Storage Unit Latent Energy Streamer Peak State ------------ > --- POWER ------------ Light Ion Engine > --- PROPULSION ------- Aluminum Leg Aluminum Leg > --- UTILITY ---------- Small Storage Unit Terrain Scanner > --- WEAPON ----------- Medium Laser Assault Rifle > --- INVENTORY -------- Ion Engine Light Treads Light Treads Small Storage Unit EM Pulse Gun Latent Energy Streamer Mining Laser [Rating: 8] Favorites ----------- Power Light Ion Engine Engine Light Ion Engine Propulsion Aluminum Leg Leg Aluminum Leg Utility Small Storage Unit Device Terrain Scanner Storage Small Storage Unit Weapon Assault Rifle Energy Gun Medium Laser Ballistic Gun Assault Rifle Build | -11 -10 -10 -10 -9 ------- Run | Scr Mat Min Exi Min Slots Evolved . | . . . . . Power . | . . . . . Propulsion . | . . . . . Utility . | . . . . . Weapon . | . . . . . Parts Attached 8 | 6 1 . . 1 Power 1 | 1 . . . . Engine 1 | 1 . . . . Core . | . . . . . Reactor . | . . . . . Propulsion 3 | 2 . . . 1 Treads . | . . . . . Leg 3 | 2 . . . 1 Wheel . | . . . . . Hover . | . . . . . Flight . | . . . . . Utility 2 | 1 1 . . . Device 1 | . 1 . . . Storage 1 | 1 . . . . Processor . | . . . . . Hackware . | . . . . . Protection . | . . . . . Artifact . | . . . . . Weapon 2 | 2 . . . . Energy Gun 1 | 1 . . . . Energy Cannon . | . . . . . Ballistic Gun 1 | 1 . . . . Ballistic Cannon . | . . . . . Launcher . | . . . . . Special Weapon . | . . . . . Impact Weapon . | . . . . . Slashing Weapon . | . . . . . Piercing Weapon . | . . . . . Special Melee Weapon . | . . . . . Unidentified Prototypes . | . . . . . Parts Lost 2 | . . . . 2 Power 1 | . . . . 1 Propulsion . | . . . . . Utility . | . . . . . Weapon 1 | . . . . 1 Highest Loss Streak 2 | . . . . 2 To Critical Strikes . | . . . . . Average Slot Usage (%) 98 | . 98 100 100 89 Engine 13 | . 14 14 14 11 Leg 27 | . 28 28 28 25 Device 13 | . 12 14 14 12 Storage 13 | . 14 14 14 12 Energy Gun 13 | . 14 14 14 12 Ballistic Gun 13 | . 14 14 14 12 Naked Turns 6 | . . . . 6 Heaviest Build 13 | 12 13 13 13 13 Greatest Support 20 | 20 20 20 20 20 Greatest Overweight (x) 1 | 1 . . . . Average Overweight (x) . | . . . . . Largest Inventory Capacity 8 | 8 8 8 8 8 Average Capacity 7 | 7 8 8 8 7 Most Carried 8 | 4 5 6 8 8 Average Carried 6 | 2 4 5 6 7 Final Capacity 8 | 8 8 8 8 5 Final Carried 8 | 4 5 6 8 5 Class Distribution -------------------- 90% | Mutant 9% | Skirmisher Dominant Class ---------------- Mutant | -10/Materials Mutant | -10/Mines Mutant | -10/Exiles Skirmisher | -9/Mines Resources | -11 -10 -10 -10 -9 ----------- Run | Scr Mat Min Exi Min Matter Collected 349 | 263 . . . 86 Remotely . | . . . . . Salvage Created 161 | 38 . . . 123 Parts 7 | 4 . . . 3 Haulers Intercepted . | . . . . . Recyclers Shooed . | . . . . . Parts Field Recycled . | . . . . . Retrieved Matter . | . . . . . Parts Self-Destructed . | . . . . . Prevented . | . . . . . Kills | -11 -10 -10 -10 -9 ------- Run | Scr Mat Min Exi Min Combat Hostiles Destroyed 3 | . . . . 3 Guns 3 | . . . . 3 Classes Destroyed 2 | 1 . . . 1 Tunneler 2 | 2 . . . . Grunt 3 | . . . . 3 Best Kill Streak 2 | 2 . . . 2 Combat Bots Only 2 | . . . . 2 Max Kills in Single Turn 1 | 1 . . . 1 Gunslinging . | . . . . . Exploded . | . . . . . Melee . | . . . . . Uniques/NPCs Destroyed . | . . . . . Combat | -11 -10 -10 -10 -9 -------- Run | Scr Mat Min Exi Min Damage Taken 664 | . 43 . . 621 Core 262 | . 11 . . 251 Absorbed by Shields . | . . . . . Core Remaining (%) 100 | 100 . . . . Volleys Fired 23 | 3 2 . . 18 Largest 2 | 2 2 . . 2 Hottest 70 | 70 70 . . 70 Shots Fired 46 | 6 4 . . 36 Gun 46 | 6 4 . . 36 Cannon . | . . . . . Launcher . | . . . . . Special . | . . . . . Kinetic 23 | 3 2 . . 18 Thermal 23 | 3 2 . . 18 Explosive . | . . . . . Electromagnetic . | . . . . . Robot Hit Streak 14 | 2 1 . . 14 Robot Miss Streak 3 | 2 3 . . 3 Penetration Max . | . . . . . Secondary Targets . | . . . . . Shots Hit Robots 32 | 3 1 . . 28 Core Hits 9 | 2 . . . 7 Critical Kills . | . . . . . Critical Parts Destroyed . | . . . . . Critical Strikes . | . . . . . Melee Attacks . | . . . . . Impact . | . . . . . Slashing . | . . . . . Piercing . | . . . . . Sneak Attacks . | . . . . . Combat Hostiles . | . . . . . Follow-up Attacks . | . . . . . Damage Inflicted 416 | 51 13 . . 352 Guns 416 | 51 13 . . 352 Cannons . | . . . . . Explosions . | . . . . . Melee . | . . . . . Ramming . | . . . . . Kinetic 192 | 26 . . . 166 Thermal 224 | 25 13 . . 186 Explosive . | . . . . . Electromagnetic . | . . . . . Impact . | . . . . . Slashing . | . . . . . Piercing . | . . . . . Highest Corruption . | . . . . . Average Corruption . | . . . . . Corruption Purged . | . . . . . Corruption Blocked . | . . . . . Overload Shots . | . . . . . Overflow Damage . | . . . . . Projectiles . | . . . . . Explosions . | . . . . . Melee . | . . . . . Knockbacks . | . . . . . Impact . | . . . . . Kinetic . | . . . . . Secondary . | . . . . . Self-Inflicted Damage . | . . . . . Shots . | . . . . . Rammed . | . . . . . Targets Rammed . | . . . . . Kicked . | . . . . . Crushed . | . . . . . Highest Temperature 156 | 27 9 . . 156 Average Temperature 66 | 14 6 . . 79 Received Heat Transfer 190 | . 12 . . 178 Siege Activations . | . . . . . Robots Corrupted . | . . . . . Combat Hostiles . | . . . . . Parts Fried . | . . . . . Impact Corruptions . | . . . . . Robots Melted . | . . . . . Combat Hostiles . | . . . . . Parts Melted 1 | . . . . 1 Heat Transferred 666 | 74 37 . . 555 Parts Sabotaged . | . . . . . Parts Stolen . | . . . . . Parts Stripped . | . . . . . Power Chain Reactions . | . . . . . Missiles Intercepted . | . . . . . Alert | -11 -10 -10 -10 -9 ------- Run | Scr Mat Min Exi Min Peak Influence 85 | 10 31 12 . 85 Initial 12 | . 6 12 . . Average 17 | 1 15 12 . 37 Maximum Alert Level . | . . . . . Low Security (%) 100 | 100 100 100 . 100 Level 1 . | . . . . . Level 2 . | . . . . . Level 3 . | . . . . . Level 4 . | . . . . . Level 5 . | . . . . . High Security . | . . . . . Max Security . | . . . . . Squads Dispatched 2 | . 2 . . . Investigation . | . . . . . Extermination . | . . . . . Reinforcement 2 | . 2 . . . Assault . | . . . . . Garrison . | . . . . . Intercept . | . . . . . Searches Triggered . | . . . . . Construction Impeded . | . . . . . Haulers Reinforced . | . . . . . Active Scanning Responses . | . . . . . Cargo Convoy Interrupts . | . . . . . Stealth | -11 -10 -10 -10 -9 --------- Run | Scr Mat Min Exi Min Distress Signals . | . . . . . Communications Jammed . | . . . . . Distress Signals . | . . . . . Times Spotted 28 | . 5 . . 23 Peak Tracking Total 19 | . 3 . . 19 Tactical Retreats . | . . . . . Traps | -11 -10 -10 -10 -9 ------- Run | Scr Mat Min Exi Min Traps Triggered 1 | . 1 . . . Indirectly . | . . . . . Trap Hack Attempts . | . . . . . Triggered . | . . . . . Disarmed . | . . . . . Reprogrammed . | . . . . . Reused . | . . . . . Traps Extracted . | . . . . . Installed . | . . . . . Triggered . | . . . . . Machines | -11 -10 -10 -10 -9 ---------- Run | Scr Mat Min Exi Min Machines Disabled . | . . . . . Max in Single Turn . | . . . . . Machines Sabotaged . | . . . . . Garrisons Compromised . | . . . . . Overloaded Fab Kills . | . . . . . Hacking | -11 -10 -10 -10 -9 --------- Run | Scr Mat Min Exi Min Machines Accessed 4 | . 1 1 2 . Terminals 2 | . 1 1 . . Fabricators . | . . . . . Repair Stations . | . . . . . Recycling Units . | . . . . . Scanalyzers . | . . . . . Garrison Access . | . . . . . Total Hacks 10 | . 4 3 3 . Successful 7 | . 4 . 3 . Failed 3 | . . 3 . . Catastrophic . | . . . . . Database Lockouts . | . . . . . Manual 5 | . 1 3 1 . Terminals 7 | . 4 3 . . Fabricators . | . . . . . Repair Stations . | . . . . . Recycling Units . | . . . . . Scanalyzers . | . . . . . Garrison Access . | . . . . . Terminal Hacks 6 | . 3 . 3 . Record 2 | . . . 2 . Prototype ID Bank 1 | . 1 . . . Emergency Access Points 1 | . 1 . . . Zone Layout 1 | . 1 . . . EX-Prototype ID Bank 1 | . . . 1 . Fabricator Hacks . | . . . . . Repair Station Hacks . | . . . . . Recycling Unit Hacks . | . . . . . Scanalyzer . | . . . . . Garrison Access Hacks . | . . . . . Unauthorized Hacks 1 | . 1 . . . Terminals 1 | . 1 . . . Botnet 1 | . 1 . . . Fabricators . | . . . . . Repair Stations . | . . . . . Recycling Units . | . . . . . Scanalyzers . | . . . . . Garrison Access . | . . . . . Data Cores Recovered . | . . . . . Used . | . . . . . Hacking Detections 2 | . 1 1 . . Full Trace Events . | . . . . . Feedback Events . | . . . . . Feedback Blocked . | . . . . . Robot Schematics Acquired . | . . . . . Robots Built . | . . . . . Authchips . | . . . . . Time . | . . . . . Total Robot Build Rating . | . . . . . Part Schematics Acquired . | . . . . . Parts Built . | . . . . . Authchips . | . . . . . Time . | . . . . . Total Part Build Rating . | . . . . . Parts Repaired . | . . . . . Time . | . . . . . Parts Recycled . | . . . . . Recycled Matter . | . . . . . Retrieved Matter . | . . . . . Retrieved Components . | . . . . . Parts Scanalyzed . | . . . . . Part Schematics Acquired . | . . . . . Parts Damaged . | . . . . . Bothacking | -11 -10 -10 -10 -9 ------------ Run | Scr Mat Min Exi Min Used RIF Installer . | . . . . . Robots Hacked . | . . . . . Non-combat . | . . . . . Combat . | . . . . . Robot Hacks Applied . | . . . . . Relay Couplers Released . | . . . . . Fabnet Peak Effective % . | . . . . . Robots Rewired . | . . . . . Allies Hacked . | . . . . . Hacks Repelled . | . . . . . Allies | -11 -10 -10 -10 -9 -------- Run | Scr Mat Min Exi Min Total Allies 1 | . . 1 . . Largest Group 1 | . . 1 1 . Highest-Rated Group 31 | . . 31 31 . Highest-Rated Ally 31 | . . 31 31 . Total Orders . | . . . . . Ally Attacks . | . . . . . Total Damage . | . . . . . Kills . | . . . . . Allies Corrupted . | . . . . . Allies Melted 1 | . . . . 1 Intel | -11 -10 -10 -10 -9 ------- Run | Scr Mat Min Exi Min Robot Analysis Total . | . . . . . Derelict Logs Recovered 1 | . . . . 1 Drone Launches . | . . . . . Drone Recoveries . | . . . . . Exploration | -11 -10 -10 -10 -9 ------------- Run | Scr Mat Min Exi Min Turns Passed 860 | 86 98 88 482 106 Spaces Moved 629 | 54 75 66 398 36 Core 15 | 7 . . . 8 Treads . | . . . . . Legs 614 | 47 75 66 398 28 Wheels . | . . . . . Hover . | . . . . . Flight . | . . . . . Fastest Speed 50 | 50 120 120 120 50 Average Speed 118 | 113 120 120 120 104 Slowest Speed 120 | 120 120 120 120 120 Overloaded Moves . | . . . . . Propulsion Burnouts . | . . . . . Robots Hopped . | . . . . . Cave-ins Triggered . | . . . . . Exploration Rate (%) 28 | 3 22 10 89 17 Regions Visited 4 Branch Regions 3 Pre-discovered Areas 1 | . . . 1 . Known Exits Taken . | . . . . . Unknown Exits Taken 4 | 1 1 1 1 . Scrap Searched . | . . . . . Spaces Dug . | . . . . . Terrain Destroyed . | . . . . . Melee . | . . . . . Projectile . | . . . . . AOE . | . . . . . Terrain Rammed . | . . . . . Walls Destroyed . | . . . . . Machines Disabled . | . . . . . Actions | -11 -10 -10 -10 -9 --------- Run | Scr Mat Min Exi Min Total 694 | 69 78 75 402 70 Wait 21 | 3 . 9 3 6 Move 625 | 53 74 65 397 36 Hop . | . . . . . Pick Up 12 | 4 1 1 2 4 Fast Attach 7 | 6 1 . . . Attach . | . . . . . Detach . | . . . . . Swap 1 | . . . . 1 Drop 5 | . . . . 5 Fire 23 | 3 2 . . 18 Melee . | . . . . . Ram . | . . . . . Kick . | . . . . . Crush . | . . . . . Escape Stasis . | . . . . . Rewire . | . . . . . Trap . | . . . . . Miscellaneous . | . . . . . Route ------- -11/Scrapyard -10/Materials -10/Mines -10/Exiles (discovered 2 exits: [*Min x2]) -9/Mines History --------- Turn | Location | Event 7 | -11/Scrapyard | Discovered new exit (range 16) 87 | -11/Scrapyard | Entered Materials 162 | -10/Materials | Discovered new exit (range 16) 185 | -10/Materials | Entered Mines 212 | -10/Mines | Received a Mining Laser from a helpful Derelict 268 | -10/Mines | Deemed a non-threat by the Exiles lab entrance 268 | -10/Mines | Discovered new exit (range 5) 273 | -10/Mines | Entered Exiles 273 | -10/Exiles | Accompanied by 1 ally 289 | -10/Exiles | Discovered new exit (range 15) 302 | -10/Exiles | Met 8R-AWN 306 | -10/Exiles | Build established: Mutant 324 | -10/Exiles | Met EX-HEX 356 | -10/Exiles | Met EX-BIN 371 | -10/Exiles | Aligned with FarCom system 372 | -10/Exiles | Given EX-Vault access code 423 | -10/Exiles | Opened EX-Vault 433 | -10/Exiles | Found Latent Energy Streamer 458 | -10/Exiles | Warned to stay clear of 0b10 Research branches 497 | -10/Exiles | Met EX-DEC 541 | -10/Exiles | Visited The Gauntlet 677 | -10/Exiles | Learned location of Zion (-6) 740 | -10/Exiles | Discovered new exit (range 14) 755 | -10/Exiles | Left Exiles lab with Latent Energy Streamer 755 | -10/Exiles | Entered Mines 844 | -9/Mines | Assembled infested the area 849 | -9/Mines | Assisted by a Guerilla fighting off Assembled 855 | -9/Mines | Released all parts (5) 859 | -9/Mines | Core integrity fell below 50% 860 | -9/Mines | Core integrity fell below 20% 861 | -9/Mines | Destroyed by as-38227 with Assembled Rifle Last Messages --------------- 00848_ as-65102 suffers critical hit (Destroy). 00848_ as-65102 destroyed. 00849_ A derelict emerges from the shadows: "You need to get out of here! I've been tracking a group of Assembled to figure out where they're coming from, and they're closing on this area, come on!" 00852_ Med. Laser destroyed. 00852_ as-70840 destroyed. 00854_ as-15333 suffers critical hit (Destroy). 00854_ as-15333 destroyed. 00855_ Released Assault Rifle. 00855_ Released Aluminum Leg. 00855_ Released Sml. Storage Unit. 00855_ Released Terrain Scanner. 00855_ Released Aluminum Leg. 00856_ Dropped Med. Storage Unit. 00856_ HV Slug penetrates as-04143. 00856_ as-04143 suffers critical hit (Destroy). 00856_ as-04143 destroyed. 00856_ Acquired Latent Energy Streamer. 00857_ GC-5IV(h) knocked back. 00858_ GC-5IV(h) critical meltdown. Map ----- +----------------------------------------------------+ | | | | | | | | | | | | | | | | | | | | | | | | | | | ?????????????????????????????????????????????????? | | ?????????????????????????????????????????????????? | | ?????????????????????????????????????????????????? | | ?????????????????????????????????????????????????? | | ??????????#??????????????????????????????????????? | | ???#???#???#?????????????????????????????????????? | | ??#??????????????????????????????????????????????? | | ?#???????????????????????????????????????????????? | | ?????????????????????????????????????????????????? | | ?????#????????????#####??????????????????????????? | | ????##??########### ###????####????????????????? | | ??###### ## ### ##???????????????? | | ?## ## @ #??????????????? | | ?# #?# ## #?????????????? | | ## ##?# ## ## #????????????? | | ## #?## ## a ##??? ??????????? | | # = | #### aa! ##??????## ?????????? | | % #### a![a #??????????? ??????????? | | ### ##### %%= #???????????????????????? | | #??# % a aa ##???????????????????????? | | #???#= % #???#????????????????????? | | ????####### %a aa#????????????????????????? | | ????##????# ## % aa #???????????????????????? | | ?????#????######## aa% #???????????????????????? | | ???????#??#??????## #???????????????????????? | | ?????#???????????### #??????????????????????? | | ??#?????????#??????# ??????????????????????? | | ????????#?????#????? ?????????????????????? | | ????#??????#???????? "??????????????????????? | | ??#???#?????????????# #????????????????????????? | | ?????????????#???????#???????????????????????????? | | ?????????????????????????????????????????????????? | | ?????????????????????????????????????????????????? | | ?????????????????????????????????????????????????? | | ?????????????????????????????????????????????????? | | ?????????????????????????????????????????????????? | | ?????????????????????????????????????????????????? | +----------------------------------------------------+ Best States ------------- Heat Dissipation 25 Energy Generation 10 Energy Capacity 125 Matter Stores 300 Matter Capacity 300 Sight Range 16 Terrain Scan Range 14 Terrain Scan Density 10 Evasion (%) 55 Item Schematics ----------------- None Robot Schematics ------------------ None Fabricated ------------ Nothing Alien Tech Used ----------------- None Achievements -------------- None Challenges ------------ None Game ------ Seed SlugMiningSword Manual? 0 Play Time 00:21:02 Cumulative 114.9 hours Start 2022.04.28 @ 16:47:21 End 2022.04.28 @ 23:13:41 Sessions 2 Manual Loads 0 Difficulty Rogue Special Mode None Game No. 51 Rogue 51 Adventurer 0 Explorer 0 Win Type - Total 4 Types 4/0/0/0/0/0/0/0/0 Lore% 48 Gallery% 60 Achievement% 48 Wizard Run 0 Options --------- ASCII 0 Keyboard 0 Movement Numpad Keybinds 0 Fullscreen 1 Font 24/Smallcaps Map View 113x50 Tactical HUD 1 Map Filters NONE Filters NONE Steam 1 RUN: 59b84ca0-2030-4999-863d-c22a913d2a4d